 Dungeon Crawl Stone Soup version 0.21.1-1-g345015fe64 (webtiles) character file.

30 DildoBatman the Sneak (level 3, 0/28 HPs)
             Began as a Formicid Enchanter on Mar 27, 2018.
             Slain by an adder (3 damage)
             ... on level 3 of the Dungeon.
             The game lasted 00:05:28 (1502 turns).

DildoBatman the Sneak (Formicid Enchanter)          Turns: 1502, Time: 00:05:29

Health: 0/28       AC:  3    Str: 13    XL:     3   Next: 37%
Magic:  4/6        EV: 10    Int: 14    God:
Gold:   76         SH:  0    Dex: 11    Spells: 2/6 levels left

rFire    . . .     SeeInvis +   a - +1 dagger
rCold    . . .     Gourm    .   (no shield)
rNeg     . . .     Faith    +   m - +0 ring mail
rPois    .         Spirit   .   (helmet unavailable)
rElec    .         Reflect  .   d - +0 cloak
rCorr    .         Harm     .   (no gloves)
MR       .....                  (no boots)
Stlth    ++........             f - amulet of faith
HPRegen  0.09/turn              l - -3 ring of protection (curse)
MPRegen  0.10/turn              (no ring)

@: lethally poisoned (0 -> -2)
A: permanent stasis, dig shafts and tunnels, four strong arms, antennae 3
a: Dig, Shaft Self


You were on level 3 of the Dungeon.
You were hungry.

You visited 1 branch of the dungeon, and saw 3 of its levels.

You collected 76 gold pieces.

Inventory:

Hand Weapons
 a - a +1 dagger (weapon)
 b - a +0 short sword
Missiles
 h - 4 javelins (quivered)
 o - 82 stones
Armour
 d - a +0 cloak (worn)
 m - a +0 ring mail (worn)
 n - a +0 buckler
Jewellery
 f - an amulet of faith (around neck)
 l - a cursed -3 ring of protection (left hand)
Scrolls
 e - a scroll of noise {unknown}
 j - 2 scrolls of identify {unknown}
 p - a scroll of amnesia {unknown}
Potions
 g - a potion of curing {unknown}
 i - 2 potions of lignification {unknown}
 k - a potion of heal wounds {unknown}
Books
 c - a book of Maledictions

   Spells                             Type                      Level
   a - Corona                         Hexes                        1
   b - Ensorcelled Hibernation        Hexes/Ice                    2
   c - Confuse                        Hexes                        3
   d - Tukima's Dance                 Hexes                        3
   e - Dazzling Spray                 Conjuration/Hexes            3
Comestibles
 q - 2 chunks of flesh
 v - 6 rations


   Skills:
 * Level 2.9 Fighting
 - Level 1.0 Short Blades
 * Level 0.1 Armour
 * Level 1.7 Dodging
 * Level 3.7 Stealth
 * Level 0.0 Shields
 - Level 2.1 Spellcasting
 - Level 3.6 Hexes


You had 2 spell levels left.
You knew the following spells:

 Your Spells              Type           Power        Failure   Level  Hunger
a - Corona                Hex            ##.....      12%         1    #......
b - Confuse               Hex            ##......     34%         3    ###....


Dungeon Overview and Level Annotations

Branches:
Dungeon (3/15)

Altars:

Annotations:
D:2 exclusion: upstairs, Jessica, Terence


Innate Abilities, Weirdness & Mutations

You cannot be hasted, slowed, berserked, paralysed or teleported.
You can dig through walls and to a lower floor.
Your four strong arms can wield two-handed weapons with a shield.
You have a pair of large antennae on your head. (SInv)


Message History

You feel sick.
The adder bites you but does no damage. x2
Throwing (i - inventory. (,) - cycle):
h - 6 javelins (quivered)
Press: ? - help, Shift-Dir - straight line, f/p - adder
Aim: an adder (lightly wounded, softly glowing)
You throw a javelin. The javelin barely misses the adder.
The adder bites you. The adder misses you.
The goblin hits you but does no damage.
Throwing (i - inventory. (,) - cycle):
h - 5 javelins (quivered)
Press: ? - help, Shift-Dir - straight line, f/p - adder
Aim: an adder (lightly wounded, softly glowing)
You throw a javelin. The javelin barely misses the adder.
You feel sick. The adder bites you. The goblin hits you but does no damage.
The adder bites you.
You die...

#...........<..#
#..............####
#..................
#.........<..####
#.....(...S..%(..
####.######...###
###(# .#....
#.S.###. # ###
###@#.....#
#...g.###...
............# .
.............#
.............#
.............#
.........>...#
............$#
...........s.#


You could see an adder and a goblin.

Vanquished Creatures
  A leopard gecko (D:1)
  7 bats
  5 giant cockroaches
  A goblin (D:1)
  A jackal (D:1)
  3 kobolds (D:2)
  A ball python (D:1)
  2 frilled lizards (D:2)
  6 rats
27 creatures vanquished.

Notes
Turn   | Place    | Note
-------+----------+-------------------------------------------
     0 | D:1      | DildoBatman the Formicid Enchanter began the quest for the Orb.
     0 | D:1      | Reached XP level 1. HP: 13/13 MP: 3/3
    92 | D:1      | Reached skill level 1 in Fighting
   151 | D:1      | Reached XP level 2. HP: 14/22 MP: 3/5
  1042 | D:2      | Reached XP level 3. HP: 27/28 MP: 2/6
  1065 | D:2      | Learned a level 3 spell: Confuse
  1265 | D:2      | Found a faded altar of an unknown god.
  1323 | D:2      | Noticed Jessica
  1363 | D:2      | Noticed Terence
  1502 | D:3      | Slain by an adder

Skill      XL: |  1  2 |
---------------+-------+-----
Fighting       | 1 2 |  2.9
Short Blades   | |  1.0
Armour         | |  0.1
Dodging        | |  1.7
Stealth        | |  3.7
Spellcasting   | |  2.1
Hexes          | |  3.6

Action                   || total
-------------------------++-------
Melee: Dagger            ||   116
Throw: Javelin           ||     4
 Cast: Corona            ||    32
 Stab: Sleeping          ||     2
  Eat: Chunk             ||     2
Armor: Leather armour    ||     9
       Robe              ||     1
       Ring mail         ||    48
Dodge: Dodged            ||    84
